 Dungeon Crawl Stone Soup version 0.16.2-12-gd0ad4c3 (webtiles) character file.

468 Aleks the Ducker (level 6, -6/47 HPs)
             Began as a Demonspawn Gladiator on Sept 22, 2015.
             Was an Initiate of Kikubaaqudgha.
             Mangled by an ogre
             ... wielding a +0 giant spiked club
              (7 damage)
             ... on level 4 of the Dungeon.
             The game lasted 00:33:01 (5595 turns).

Aleks the Ducker (Demonspawn Gladiator)             Turns: 5595, Time: 00:33:03

Health: -6/47      AC: 13    Str: 17    XL:     6   Next: 81%
Magic:  15/15      EV: 11    Int:  9    God:    Kikubaaqudgha [......]
Gold:   241        SH:  0    Dex: 12    Spells: 0 memorised, 5 levels left

rFire  . . .     SeeInvis .     a - +0 trident
rCold  + . .     Clarity  +     G - +0 scale mail
rNeg   . . .     SustAb   .     (no shield)
rPois  .         Gourm    .     (helmet restricted)
rElec  .         Spirit   .     (no cloak)
rCorr  .         Warding  .     (no gloves)
rMut   .         Stasis   .     (no boots)
MR     .....                    l - amulet of clarity
Stlth  ..........               (no ring)
                                g - ring of magical power

@: not resistant to hostile enchantments, extremely unstealthy
A: horns 1, rough black scales 2, cold resistance 1, rot immunity
a: Renounce Religion


You were on level 4 of the Dungeon.
You worshipped Kikubaaqudgha.
Kikubaaqudgha was noncommittal.
You were hungry.

You visited 1 branch of the dungeon, and saw 4 of its levels.

You collected 241 gold pieces.

Inventory:

Hand weapons
 a - a +0 trident (weapon)
 o - a +0 hunting sling
Missiles
 d - 3 throwing nets (quivered)
 e - 61 bolts
 h - 206 stones
 p - 16 poisoned needles
 v - 16 arrows
 y - 16 sling bullets of frost
Armour
 G - a +0 scale mail (worn)
Jewellery
 g - a ring of magical power (left hand)
 l - an amulet of clarity (around neck)
 n - a cursed ring of loudness {unknown}
 z - an uncursed amulet of resist corrosion {unknown}
 J - an uncursed amulet of regeneration {unknown}
Magical devices
 D - a wand of digging (10)
Scrolls
 c - a scroll of identify
 k - 2 scrolls of remove curse
 E - a scroll of enchant weapon {unknown}
Potions
 b - a potion of heal wounds {unknown}
 j - 2 potions of curing {unknown}
 r - a potion of berserk rage {unknown}
 t - a potion of might {unknown}
 u - a potion of poison {unknown}
 w - 2 potions of restore abilities {unknown}
 x - a potion of brilliance {unknown}
 B - a potion of magic {unknown}
Comestibles
 m - 2 bread rations
 q - a slice of pizza
 H - a royal jelly


   Skills:
 + Level 3.6 Fighting
 + Level 3.9 Polearms
 + Level 1.8 Throwing
 + Level 2.1 Armour
 + Level 4.9 Dodging
 + Level 1.4 Stealth


You had 5 spell levels left.
You didn't know any spells.

Dungeon Overview and Level Annotations

Branches:
Dungeon (4/15)
 Temple: D:4-7

Altars:
Cheibriados
Fedhas
Kikubaaqudgha
Okawaru
Trog
The Shining One


Innate Abilities, Weirdness & Mutations

You have a pair of small horns on your head.
You are mostly covered in rough black scales (AC +7, Dex -2).
Your flesh is cold resistant.
You are immune to rotting.


Message History

You kill the orc!
Kikubaaqudgha accepts your kill. The ogre hits you but does no damage.
The ogre closely misses you. The ogre closely misses you. The ogre misses you.
The orc wizard closely misses you.
You see here an orc corpse.
You barely miss the orc wizard.
The orc wizard hits you but does no damage.
The ogre hits you with a giant spiked club.
* * * LOW HITPOINT WARNING * * *
You hit the orc wizard.
The orc wizard is lightly wounded.
The orc wizard gestures at you while chanting.
The magic dart hits you!
* * * LOW HITPOINT WARNING * * *
The ogre hits you with a giant spiked club!
You die...
Kikubaaqudgha rasps: "You have failed me!
Welcome... death!"

#.# ... #.# #.# #.# ##### #.#
###### ##...# #.#
##....############....########.#
......'........o@.._.......>...#
##....##........O.[............#
#....##..##.###.######.########
#######..##.# #.# #.# #..##.#
#.# #.# ########..##.# #.# #.#
.............# #.# #.#
########..#..# #.# #.#
#.........# #.# #.#


You could see an ogre and an orc wizard.

Vanquished Creatures
  The ghost of ghwc the Firebug, an average HuFE (D:3)
  A vampire bat (D:4)
  2 orc priests (D:4)
  2 orc wizards (D:4)
  Ijyb (D:3)
  A hound skeleton (D:4)
  10 adders
  2 giant mites
  2 worms
  An adder skeleton (D:4)
  4 giant geckos
  An ooze (D:3)
  18 orcs
  4 bat skeletons (D:4)
  3 bat zombies (D:4)
  18 goblins
  11 hobgoblins
  A quokka (D:4)
  2 ball pythons
  5 bats
  4 giant cockroaches
  8 giant newts
  4 jackals (D:4)
  A jackal skeleton (D:4)
  11 kobolds
  A quokka skeleton (D:4)
  9 rats
128 creatures vanquished.

Notes
Turn   | Place    | Note
--------------------------------------------------------------
     0 | D:1      | Aleks, the Demonspawn Gladiator, began the quest for the Orb.
     0 | D:1      | Reached XP level 1. HP: 16/16 MP: 1/1
   309 | D:1      | Reached skill level 3 in Polearms
   309 | D:1      | Gained mutation: You are immune to rotting. [demonic ancestry]
   309 | D:1      | Reached XP level 2. HP: 22/22 MP: 2/2
  1208 | D:2      | Reached skill level 1 in Armour
  1208 | D:2      | Gained mutation: You are partially covered in rough black scales (AC +4, Dex -1). [demonic ancestry]
  1208 | D:2      | Reached XP level 3. HP: 13/27 MP: 3/3
  2049 | D:2      | Gained mutation: You are mostly covered in rough black scales (AC +7, Dex -2). [demonic ancestry]
  2049 | D:2      | Reached XP level 4. HP: 9/34 MP: 4/4
  2730 | D:3      | Noticed ghwc's ghost (average HuFE)
  2747 | D:3      | Killed ghwc's ghost
  2747 | D:3      | Gained mutation: You have a pair of small horns on your head. [demonic ancestry]
  2747 | D:3      | Reached XP level 5. HP: 34/39 MP: 5/5
  2817 | D:3      | Noticed Ijyb
  2844 | D:3      | Killed Ijyb
  2844 | D:3      | Reached skill level 4 in Dodging
  3003 | D:3      | Found a glowing golden altar of the Shining One.
  3234 | D:3      | Found a bloodstained altar of Trog.
  3358 | D:3      | Became a worshipper of Trog the Wrathful
  3641 | D:3      | Reached skill level 1 in Stealth
  3780 | D:3      | Found an iron altar of Okawaru.
  3818 | D:3      | Acquired Trog's first power
  4083 | D:4      | Found a blossoming altar of Fedhas.
  4263 | D:4      | Gained mutation: Your flesh is cold resistant. [demonic ancestry]
  4263 | D:4      | Reached XP level 6. HP: 40/47 MP: 6/6
  4857 | D:4      | Found a snail-covered altar of Cheibriados.
  4972 | D:4      | Acquired Trog's second power
  5340 | D:4      | Found an ancient bone altar of Kikubaaqudgha.
  5368 | D:4      | Fell from the grace of Trog
  5368 | D:4      | Became a worshipper of Kikubaaqudgha
  5534 | D:4      | Noticed an ogre
  5595 | D:4      | HP: 1/47 [orc wizard/magic dart (2)]
  5595 | D:4      | Mangled by an ogre

Action                   |  1- 3 |  4- 6 || total
-------------------------+-------+-------++-------
Melee: Trident           |   128 |   326 ||   454
Throw: Throwing net      |       |     1 ||     1
Evoke: Wand              |       |     2 ||     2
  Use: Scroll            |       |     4 ||     4
       Potion            |       |     1 ||     1
 Stab: Sleeping          |       |     1 ||     1
  Eat: Bread ration      |     1 |     2 ||     3
       Beef jerky        |       |     1 ||     1
